Map: Frost LE

Players

rotab

  • Race: Zerg Zerg
  • League: Master

DatBoiNYK (NYK) - Winner!

  • Race: Zerg Zerg
  • League: Master

VOD

Have the link to the VOD?

Description

Time

  • Played on: July 17, 2016, 6:23 p.m.
  • Length: 5:28
Show
View Real Time Build Order
Export as new Build Order

rotab Zerg 

Build Orders: Pool First 

Get SALT Encoding   

  12  0:00  Drone  
  13  0:08  Drone  
  14  0:22  Drone, Extractor  
  14  0:31  Spawning Pool  
  14  0:35  Drone  
  14  0:44  Overlord  
  14  0:48  Extractor  
  13  0:50  Drone  
  15  1:03  Drone  
  16  1:17  Queen  
  16  1:18  Zergling x2  
  19  1:23  Zergling x2  
  20  1:26  Zergling x2  
  21  1:33  Metabolic Boost  
  21  1:50  Hatchery  
  21  1:52  Zergling x2  
  21  1:55  Zergling x2  
  22  2:03  Overlord  
  22  2:20  Queen  
  24  2:25  Zergling x4  
  24  2:26  Zergling x2  
  24  2:29  Zergling x2  
  28  2:31  Zergling x2  
  28  2:33  Zergling x2  
  30  2:41  Overlord  
  30  3:00  Drone x4  
  34  3:06  Zergling x2  
  35  3:13  Zergling x4  
  30  3:24  Queen  
  21  3:51  Drone  
  22  4:06  Drone x2  
  24  4:13  Drone  
  25  4:20  Drone  
  25  4:33  Drone x2  
  27  4:45  Spine Crawler  
  24  5:02  Zergling x4  
Show
View Real Time Build Order
Export as new Build Order

DatBoiNYK Zerg - Winner!

Build Orders: Pool First, Zergling Baneling 

Get SALT Encoding   

  12  0:02  Drone  
  13  0:17  Extractor  
  12  0:26  Spawning Pool  
  12  0:28  Drone  
  12  0:33  Drone  
  13  0:38  Drone  
  14  0:50  Overlord  
  14  1:13  Zergling x6  
  14  1:17  Metabolic Boost  
  17  1:25  Zergling x2  
  18  1:38  Baneling Nest  
  18  1:39  Zergling x2  
  18  1:48  Zergling x2  
  18  1:52  Queen  
  21  2:02  Overlord  
  21  2:13  Zergling x2  
  22  2:22  Zergling x2  
  23  2:30  Zergling x2  
  24  2:37  Baneling x2  
  24  2:38  Baneling x3  
  24  2:42  Zergling x2  
  25  2:50  Zergling x2  
  26  3:03  Baneling x2  
  26  3:10  Zergling x8  
  27  3:25  Zergling x2  
  27  3:41  Zergling x2  
  24  3:54  Zergling x2  
  24  3:55  Zergling x2  
  25  4:05  Zergling x2  
  25  4:07  Hatchery  
  26  4:17  Zergling x2  
  26  4:21  Baneling x6  
  26  4:26  Zergling x4  
  28  4:36  Overlord  
  28  4:43  Drone  
  28  4:44  Drone  
  29  4:57  Zergling x4  
  31  5:08  Baneling x4  
Tags
 
Add a new tag
Caveats
  • Supply blocks, unpowered buildings, or Contaminate may cause inaccurate times.
  • Supply counts are checked every 10 seconds.